 Dungeon Crawl Stone Soup version 0.32-a0-433-g08bcfe7efd (webtiles) character file.

Game seed: 2150331504667167006

74 jasper the Ruffian (level 4, -1/37 HPs)
             Began as a Coglin Chaos Knight on Feb 22, 2024.
             Was a Plaything of Xom.
             Slain by Crazy Yiuf
             ... wielding a +2 quarterstaff of chaos
              (11 damage)
             ... on level 2 of the Dungeon on Feb 23, 2024.
             The game lasted 00:03:51 (1877 turns).

jasper the Ruffian (Coglin Chaos Knight)            Turns: 1877, Time: 00:03:51

Health: -1/37      AC:  5    Str: 21    XL:     4   Next: 30%
Magic:  4/4        EV: 11    Int: 11    God:    Xom [.*....]
Gold:   162        SH:  0    Dex: 13    Spells: 3/3 levels left

rFire   . .          .
                       - Unarmed
rCold   . . .        (no shield)
rNeg    . . .        a - +2 leather armour
rPois   .            (no helmet)
rElec   .            (no cloak)
rCorr   .            (no gloves)
SInv    .            (no boots)
Will    .....        (no amulet)
Stlth   +            g - +6 ring of strength
HPRegen 0.26/turn    (no ring)
MPRegen 0.09/turn

%: no passive effects
@: immotile, revved
A: off-hand wielding, slow wielding, warmup strikes, legs shutdown, fangs 1
a: Renounce Religion


You were on level 2 of the Dungeon.
You worshipped Xom.
You were a plaything of Xom.
You visited 1 branch of the dungeon, and saw 2 of its levels.

You collected 162 gold pieces.

Inventory:

Missiles
 e - 11 stones (quivered)
Armour
 a - a +2 leather armour (worn)
Jewellery
 g - a +6 ring of strength (left grasper)
 j - a ring of see invisible
Scrolls
 b - 2 scrolls of butterflies
 c - a scroll of teleportation
 d - a scroll of poison
 h - a scroll of enchant weapon
Potions
 f - a potion of attraction
 i - a potion of brilliance


   Skills:
 + Level 3.7 Fighting
 - Level 1.7 Armour
 - Level 0.8 Dodging
 * Level 4.0 Unarmed Combat


You had 3 spell levels left.
You didn't know any spells.
Your spell library contained the following spells:

 Spells                   Type           Power      Damage    Failure   Level
 Foxfire                  Conj/Fire      0%         2x1d4     38%         1
 Summon Blazeheart Golem  Fire/Summ      0%         N/A       99%         4
 Enfeeble                 Hex            0%         N/A       100%        7


Dungeon Overview and Level Annotations

Branches:
Dungeon (2/15)

Altars:

Annotations:
D:2 Crazy Yiuf


Innate Abilities, Weirdness & Mutations

You can wield a second weapon in your off-hand.
It takes a long time for you to wield or remove held weapons.
Your first few attacks do less damage.
Attacking and casting redirects power from your legs.
You have very sharp teeth.


Message History

* * * LOW HITPOINT WARNING * * *
You regained 3 hp, and now have 10/37 hp.
You're too confused to attack without stumbling around!
You bump into the rock wall.
Crazy Yiuf hits you with a +2 quarterstaff of chaos.
* * * LOW HITPOINT WARNING * * *
You suddenly lose the ability to move!
You can move again. "Heh heh heh..."
Crazy Yiuf looks rather confused.
You regained 5 hp, and now have 16/37 hp.
You hit Crazy Yiuf but do no damage. Your bite misses Crazy Yiuf.
Crazy Yiuf is heavily wounded.
You feel less invigorated.
You regained 5 hp, and now have 21/37 hp.
You are no longer unable to travel.
You hit Crazy Yiuf.
Crazy Yiuf is heavily wounded.
Crazy Yiuf completely misses you.
You cannot move. (Use ctrl+direction or * direction to attack while stationary and confused.)
You attack the rock wall.
You are no longer unable to travel.
Crazy Yiuf counts something out on his fingers.
You completely miss Crazy Yiuf.
Crazy Yiuf is heavily wounded.
Crazy Yiuf scratches his head thoughtfully.
You attack the rock wall.
You are no longer unable to travel.
Crazy Yiuf hits you with a +2 quarterstaff of chaos!
* * * LOW HITPOINT WARNING * * *
Crazy Yiuf barely misses himself.
You take 12 damage, and have 10/37 hp.
MASSIVE DAMAGE!!
You hit Crazy Yiuf.
Crazy Yiuf is severely wounded.
You feel less confused.
You hit Crazy Yiuf but do no damage.
Crazy Yiuf is severely wounded.
Crazy Yiuf hits you with a +2 quarterstaff of chaos!
You die... "I guess I need a new plaything now."

.#.###...######### ##'#####.....
.#.###...######### #.....##.....
.#...†...######### #............
##.[......# #)..# #.)..........
###.......# #...# ###..........
.##.......# *...* #.'..........
..#....#### *#'#* ###.......#..
.......# #g## #..........
.#.....# ##@# #.......#..
###....#### #.## #####'#....
###.......# ##.# #.#.###
##......### ##.## ###...###
##......#.# ##...# #.....#..
##........# #....# ##.#.#.#..
##........# #+..'# #..#.#.#..
......###.####....######.##.#....
#########..##........##..##.#####


You could see Crazy Yiuf (confused).

Vanquished Creatures
  Jessica (D:2)
  A ribbon worm (D:2)
  A dart slug (D:2)
  6 endoplasms
  A giant cockroach (D:1)
  3 hobgoblins
  3 jackals (D:1)
  A kobold (D:1)
  5 ball pythons
  6 bats
  A frilled lizard (D:2)
  9 goblins
  4 rats
42 creatures vanquished.

Notes
Turn   | Place    | Note
-------+----------+-------------------------------------------
     0 | D:1      | jasper the Coglin Chaos Knight began the quest for the Orb.
     0 | D:1      | Reached XP level 1. HP: 18/18 MP: 1/1
    94 | D:1      | Got Sif Muna's Codex of the Ill-omened Inferno
   143 | D:1      | Reached skill level 3 in Unarmed Combat
   148 | D:1      | Reached XP level 2. HP: 22/24 MP: 2/2
   461 | D:1      | XOM: noise
   849 | D:1      | Reached XP level 3. HP: 29/29 MP: 3/3
  1090 | D:2      | XOM is BORED!
  1090 | D:2      | XOM: give mutation
  1090 | D:2      | Gained mutation: You have very sharp teeth. [Xom's
                  | mischief]
  1281 | D:2      | Noticed Jessica
  1283 | D:2      | XOM: 2-stop teleportation journey
  1496 | D:2      | Found a runed translucent door.
  1497 | D:2      | Noticed Crazy Yiuf
  1518 | D:2      | Killed Jessica
  1519 | D:2      | Reached XP level 4. HP: 37/37 MP: 4/4
  1726 | D:2      | Reached skill level 4 in Unarmed Combat
  1868 | D:2      | Paralysed by Crazy Yiuf for 1 turns
  1869 | D:2      | XOM: confuse monster(s)
  1877 | D:2      | Slain by Crazy Yiuf

Illustrated notes

Levels and vault maps discovered:
D:1:      dpeg_arrival_round_a, layout_basic
D:2:      layout_basic, uniq_crazy_yiuf_cottage, uniq_jessica

Skill      XL: |  1  2  3  4 |
---------------+-------------+-----
Unarmed Combat | 3 4 |  4.0
Fighting       | |  3.7
Armour         | |  1.7
Dodging        | |  0.8

Action                     |  1- 3 |  4- 6 || total
---------------------------+-------+-------++-------
  Melee: Unarmed           |   118 |    28 ||   146
         Punch             |     4 |     1 ||     5
         Bite              |     2 |     2 ||     4
    Use: Scroll            |     8 |       ||     8
         Potion            |       |     1 ||     1
   Stab: Sleeping          |       |     1 ||     1
 Armour: Leather armour    |    74 |    13 ||    87
  Dodge: Dodged            |    53 |    22 ||    75

Table legend: (Time is in decaauts)
 A = Elapsed time spent in this place.
 B = Non-inter-level travel time spent in this place.
 C = Inter-level travel time spent in this place.
 D = Time resting spent in this place.
 E = Time spent auto-exploring this place.
 F = Levels seen in this place.
 G = Mean time per level.
                   A        B        C        D        E       F      G
               +--------+--------+--------+--------+--------+-----+--------+
         Total |   1866 |   1855 |     11 |     26 |   1422 |   2 |  933.0 |
       Dungeon |   1866 |   1855 |     11 |     26 |   1422 |   2 |  933.0 |
               +--------+--------+--------+--------+--------+-----+--------+

Top non-repeatable levels by time:
     D:1: 971 daAuts
     D:2: 894 daAuts
